 BcadrenCrawl: Boulder Brew version 0.05.21-81-gd28e3044bd (webtiles) character file.

Game seed: 11006834729206408268, levelgen mode: deterministic

4 theanonym the Sneak (level 1, 0/13 HPs) Oozomorph Noble. Began on Sept 5, 2021. Slain by a hobgoblin ... wielding a +0 club (5 damage) ... on level 1 of the Dungeon. The game lasted 00:00:59 (125 turns).

theanonym the Sneak (Oozomorph Noble)                Turns: 125, Time: 00:00:59

Health: 0/13       AC: 14    Str: 16    XL:     1 ^: 6
Magic:  2/2        EV: -2    Int: 10    God:
Gold:   40         SH:  0    Dex: 10    Spells: 2/2 levels left

rFire    + . .     Vision   .   c - +0 morningstar
rCold    + . .     Gourm    .   (no weapon)
rNeg     . . .     Faith    .   a - +0 robe
rCorr    + + +     Spirit   .   b - +0 gold dragon scales
rPois    +         Reflect  .   (no armour)
rElec    .         Harm     .   (no armour)
MR       .....                  (no armour)
Stlth    ++........             (nothing subsumed)
HPRegen  0.14/turn              (no amulet)
MPRegen  0.12/turn              (no ring)
                                (no ring)

@: no status effects
A: cytoplasmic subsumption, amorphous body, gelatinous body 1
a: Subsume Item


Innate Abilities, Weirdness & Mutations

You may subsume any weapon, armour, or jewellery into your cytoplasm to benefit from its magical properties.
Your body is completely amorphous, allowing you to wear any combination of armour.
You have seven amorphous slots; replacing the normal gear slots.
Body armours and bardings take two slots, all other armours take one.
Your gelatinous form is immune to acid, constriction and sticky flames. (rCorr+, Slime)


   Skills:
 + Level 1.2 Fighting
 * Level 0.5 Maces & Staves
 + Level 0.1 Armour
 + Level 1.3 Stealth
 + Level 1.0 Spellcasting


You had 2 spell levels left.
You didn't know any spells.
Your spell library was empty.

Action                   || total
-------------------------++-------
Melee: Morningstar       ||    26
       Unarmed           ||    23
Armor: Skin              ||    48

Inventory:

Weapons
 c - a +0 morningstar (weapon)
Armour
 a - a +0 robe (worn)
 b - +0 gold dragon scales (worn)
Comestibles
 d - a chunk of flesh
 e - a ration


You were on level 1 of the Dungeon.
You were not hungry.

You visited 1 branch of the dungeon, and saw 1 of its levels.
You also visited: Market.
You spent 960 gold pieces at shops.

Dungeon Overview and Level Annotations

Branches:
Dungeon (1/8)

Altars:

..###..........
..#
#..#.##..######
..#
#..............
.≈#
#.##.##..##.#.#
>≈#
#.)......##.#.#
###
####.###.##.#.###
#.# #....†...#
#.# #.####...##
#.# #.b..@....#
#.# #.#.##g...#
.........)....#
.#.##.......#.# .
....#.##..#.#
..#.#. ...# #
.... .. #..#
....#.. #... ...#


You could see a hobgoblin and a bat.

Notes
Turn   | Place    | Note
-------+----------+-------------------------------------------
     0 | Start Ma | theanonym the Oozomorph Noble began the quest for the Orb.
     0 | Start Ma | Reached XP level 1. HP: 13/13 MP: 2/2
     0 | Start Ma | Found Xyot's Expert Tomes.
     6 | Start Ma | Found Bopau's Auxillary Armour.
     7 | Start Ma | Bought +0 gold dragon scales for 800 gold pieces
    19 | Start Ma | Found Dux Leg's Mashing MeleeMart.
    59 | Start Ma | Bought a +0 morningstar for 160 gold pieces
    69 | D:1      | theanonym set off with the following items: a +0 robe, +0
                  | gold dragon scales, a +0 morningstar, a ration
   116 | D:1      | HP: 6/13 [hobgoblin (4)]
   123 | D:1      | HP: 4/13 [hobgoblin/+0 club (3)]
   125 | D:1      | Slain by a hobgoblin

Vanquished Creatures
  A goblin (D:1)
  A kobold (D:1)
  2 rats (D:1)
4 creatures vanquished.

Table legend:
 A = Turns spent in this place as a percentage of turns spent in the entire game.
 B = Non-inter-level travel turns spent in this place as a percentage of non-inter-level travel turns spent in the entire game.
 C = Inter-level travel turns spent in this place as a percentage of turns spent in this place.
 D = Turns resting spent in this place as a percentage of non-inter-level travel turns spent in this place.
 E = Turns spent auto-exploring this place as a percentage of non-inter-level travel turns spent in this place.
 F = Non-inter-level travel turns spent in this place divided by the number of levels of this place that you've seen.
                   A       B       C       D       E      F
               +-------+-------+-------+-------+-------+----------------------
         Total | 100.0 | 100.0 |   0.0 |   0.0 |  36.0 |  62.5
       Dungeon |  44.8 |  44.8 |   0.0 |   0.0 |  25.0 |  56.0
        Market |  55.2 |  55.2 |   0.0 |   0.0 |  44.9 |  69.0
               +-------+-------+-------+-------+-------+----------------------
